 Dungeon Crawl Stone Soup version 0.17.1-3-g152610e (webtiles) character file.

6311 Heliophagus the Shield-Bearer (level 10, -1/59 HPs)
             Began as a Gargoyle Fire Elementalist on Apr 3, 2016.
             Was an Initiate of Gozag.
             Slain by a hill giant
             ... wielding a +0 giant spiked club
              (25 damage)
             ... on level 9 of the Dungeon.
             The game lasted 02:24:12 (14014 turns).

Heliophagus the Shield-Bearer (GrFE)               Turns: 14014, Time: 02:24:12

Health: -1/59      AC: 23    Str: 12    XL:     10   Next: 95%
Magic:  4/17       EV: 11    Int: 22    God:    Gozag
Gold:   648        SH:  9    Dex: 10    Spells: 3 memorised, 10 levels left

rFire  + . .     SeeInvis .     x - +2 mace (protect)
rCold  . . .     Clarity  .     t - +3 leather armour {rPois}
rNeg   + . .     SustAt   .     E - +0 shield
rPois  ∞         Gourm    .     a - +0 helmet
rElec  +         Spirit   .     (no cloak)
rCorr  .         Warding  .     r - +1 pair of gloves
rMut   .         Stasis   .     G - +0 pair of boots
MR     .....                    (no amulet)
Stlth  ++........               n - +3 ring of intelligence
                                e - ring of protection from fire

@: very slightly contaminated, not resistant to hostile enchantments, unstealthy
A: negative energy resistance 1, electricity resistance, unbreathing,
petrification resistance, rot immunity, AC +7
a: Potion Petition, Call Merchant, Bribe Branch, Renounce Religion


You were on level 9 of the Dungeon.
You worshipped Gozag.
Gozag was noncommittal.
You were hungry.

You visited 2 branches of the dungeon, and saw 10 of its levels.
You also visited: Ossuary.

You collected 731 gold pieces.
You paid 83 gold pieces to Gozag.

Inventory:

Hand Weapons
 x - a +2 mace of protection (weapon)
Armour
 a - a +0 helmet (worn)
 r - a +1 pair of gloves (worn)
 t - a +3 leather armour of poison resistance (worn)
 C - a +0 leather armour of cold resistance
 E - a +0 shield (worn)
 G - a +0 pair of boots (worn)
Jewellery
 d - a +4 ring of strength
 e - a ring of protection from fire (left hand)
 n - a +3 ring of intelligence (right hand)
Wands
 h - a wand of digging (11)
 y - a wand of teleportation (1)
 A - a wand of lightning (6)
Scrolls
 g - 7 scrolls of remove curse
 i - a scroll of recharging
 l - 3 scrolls of teleportation
 p - 2 scrolls of magic mapping
 q - a scroll of fog
 F - a scroll of blinking
Potions
 j - a potion of curing
 m - 2 potions of agility
 o - a potion of heal wounds
 s - a potion of cure mutation
 v - 2 potions of invisibility
 w - a potion of ambrosia
 D - a potion of resistance
Books
 b - a book of Flames

   Spells                             Type                      Level
   a - Flame Tongue                   Conjuration/Fire             1
   b - Throw Flame                    Conjuration/Fire             2
   c - Conjure Flame                  Conjuration/Fire             3
   d - Inner Flame                    Hexes/Fire                   3
   e - Sticky Flame                   Conjuration/Fire             4
   f - Fireball                       Conjuration/Fire             5
 B - a book of Hinderance

   Spells                             Type                      Level
   a - Confusing Touch                Hexes                        2
   b - Confuse                        Hexes                        3
   c - Gell's Gravitas                Hexes/Translocation          3
   d - Petrify                        Transmutation/Earth          4
   e - Metabolic Englaciation         Hexes/Ice                    5
 H - a book of Callings

   Spells                             Type                      Level
   a - Summon Small Mammal            Summoning                    1
   b - Call Imp                       Summoning                    2
   c - Call Canine Familiar           Summoning                    3
   d - Summon Guardian Golem          Hexes/Summoning              3
   e - Summon Lightning Spire         Summoning/Air                4
   f - Summon Ice Beast               Ice/Summoning                4
Comestibles
 c - 5 bread rations
 f - 5 beef jerkies
 k - 5 meat rations
 u - 8 slices of pizza
 z - 4 fruits


   Skills:
 - Level 5.0 Fighting
 - Level 5.0 Maces & Flails
 + Level 5.9 Armour
 + Level 5.4 Dodging
 - Level 5.0 Stealth
 + Level 6.0 Shields
 - Level 5.0 Spellcasting
 - Level 5.0 Conjurations
 - Level 5.0 Fire Magic
 - Level 5.0 Evocations


You had 10 spell levels left.
You knew the following spells:

 Your Spells              Type           Power        Failure   Level  Hunger
a - Flame Tongue          Conj/Fire      ####.        8%          1    None
b - Conjure Flame         Conj/Fire      ####....     17%         3    ##.....
c - Fireball              Conj/Fire      ####......   98%         5    #####..


Dungeon Overview and Level Annotations

Branches:
Dungeon (9/15)             Temple (1/1) D:4            Lair (0/8) D:8
    Orc: D:9-12

Altars:
Ashenzari
Cheibriados
Dithmenos
Elyvilon
Fedhas
Gozag
Kikubaaqudgha
Makhleb
Nemelex Xobeh
Okawaru
Qazlal
Ru
Sif Muna
Trog
Vehumet
Xom
Yredelemnul
Zin
The Shining One

Annotations:
D:9 Maurice


Innate Abilities, Weirdness & Mutations

You are resistant to torment.
Your stone body is resilient (AC +7).
You are immune to poison.
You resist negative energy.
You are resistant to electric shocks.
You can survive without breathing.
You are immune to petrification.
You are immune to rotting.


Message History

The flame tongue hits the hill giant.
The hill giant is almost dead.
The hill giant hits you with a giant spiked club!
Casting: Flame Tongue
Confirm with . or Enter, or press ? or * to list all spells.
Aiming: Flame Tongue
Press: ? - help, Shift-Dir - straight line, f/p - hill giant
Aim: a hill giant, wielding a giant spiked club (almost dead)
The flame tongue hits the hill giant.
The hill giant appears unharmed.
The hill giant is almost dead.
Casting: Flame Tongue
Confirm with . or Enter, or press ? or * to list all spells.
Aiming: Flame Tongue
Press: ? - help, Shift-Dir - straight line, f/p - hill giant
Aim: a hill giant, wielding a giant spiked club (almost dead)
The flame tongue hits the hill giant.
The hill giant is almost dead.
The hill giant hits you with a giant spiked club!!
You die...
Your body crumbles into a pile of gold.

######################
........)..(..)......########
######.#############>........
$#.(...........(.########
$#..........##'#<#
#Y....).####..#.#
#......###..@..#.#
#.....##...C...#.#
#.....#.....#..#.#
#....$##...###..#.#
#.....#...# #..#.#
#.(....#..# #..#.. ......##..
#..# .. ..#


You could see a hill giant.

Vanquished Creatures
  A two-headed ogre (D:8)
  2 hippogriffs
  2 yaks (D:7)
  A hungry ghost (D:7)
  2 wraiths (Ossuary)
  A human (D:7)
  Menkaure (D:7)
  2 necrophages
  2 ice beasts
  The ghost of TimTheEnchanter the Ruffian, an amateur TrCK of Xom (D:3)
  4 orc warriors
  2 phantoms
  A black bear (D:6)
  4 ogres
  5 centaurs
  3 giant frogs
  A gnoll sergeant (D:5)
  A big kobold (D:8)
  A wyvern skeleton (D:9)
  A wyvern zombie (D:7)
  6 scorpions
  12 killer bees
  8 wights
  A centaur zombie (D:8)
  5 crimson imps
  4 orc priests
  A jelly (D:5)
  9 orc wizards
  4 hounds
  3 iguanas
  A giant frog skeleton (D:7)
  8 worker ants
  2 sheep (D:7)
  2 hound skeletons
  2 hound zombies
  Robin (D:3)
  9 adders
  6 gnolls
  2 oozes (D:1)
  2 adder skeletons (D:4)
  8 worms
  10 giant geckos
  33 orcs
  2 ball pythons
  6 bats
  9 giant cockroaches
  12 goblins
  11 hobgoblins
  3 ball python skeletons (Ossuary)
  A giant gecko zombie (D:5)
  7 giant newts
  A hobgoblin skeleton (Ossuary)
  2 hobgoblin zombies (Ossuary)
  6 jackals
  16 kobolds
  2 orc zombies (Ossuary)
  6 quokkas
  9 rats
270 creatures vanquished.

Notes
Turn   | Place    | Note
--------------------------------------------------------------
     0 | D:1      | Heliophagus the Gargoyle Fire Elementalist began the quest for the Orb.
     0 | D:1      | Reached XP level 1. HP: 10/10 MP: 3/3
   102 | D:1      | Reached XP level 2. HP: 15/15 MP: 3/5
   582 | D:1      | Reached XP level 3. HP: 17/19 MP: 1/6
  1555 | D:2      | Reached XP level 4. HP: 16/24 MP: 2/7
  2226 | D:3      | Noticed an ice beast
  2243 | D:3      | Killed an ice beast
  2243 | D:3      | Reached skill level 4 in Fire Magic
  2243 | D:3      | Reached XP level 5. HP: 8/28 MP: 0/9
  2578 | D:3      | Noticed TimTheEnchanter's ghost (amateur TrCK)
  2593 | D:3      | HP: 1/28 [TimTheEnchanter's ghost (9)]
  3513 | D:3      | Noticed Robin
  3537 | D:3      | Killed Robin
  3942 | D:3      | Reached XP level 6. HP: 28/32 MP: 8/10
  4184 | D:3      | Learned a level 3 spell: Conjure Flame
  5319 | D:3      | Killed TimTheEnchanter's ghost
  5750 | D:4      | Found a sacrificial altar of Ru.
  5829 | D:4      | Reached XP level 7. HP: 19/36 MP: 1/12
  6258 | D:4      | Found a staircase to the Ecumenical Temple.
  6267 | Temple   | Entered the Ecumenical Temple
  6479 | D:4      | Reached skill level 5 in Fire Magic
  6482 | D:4      | Reached skill level 5 in Stealth
  6496 | D:4      | Reached skill level 5 in Conjurations
  6641 | D:4      | Noticed an ogre
  6673 | D:4      | Killed an ogre
  6673 | D:4      | Reached skill level 5 in Spellcasting
  6673 | D:4      | Reached XP level 8. HP: 41/41 MP: 8/15
  6826 | D:4      | Noticed a phantom
  6836 | D:4      | Killed a phantom
  6836 | D:4      | Reached skill level 1 in Armour
  7258 | D:5      | Entered Level 5 of the Dungeon
  7289 | D:5      | Found a white marble altar of Elyvilon.
  7305 | D:5      | Found an iron altar of Okawaru.
  7757 | D:5      | Found a sand-covered staircase.
  7762 | Ossuary  | Entered an ossuary
  8065 | Ossuary  | Noticed a flying skull
  8071 | Ossuary  | Noticed a flying skull
  8072 | Ossuary  | Noticed a flying skull
  8102 | Ossuary  | Noticed a flying skull
  8125 | Ossuary  | Noticed a flying skull
  8508 | Ossuary  | Reached skill level 5 in Armour
  8508 | Ossuary  | Reached XP level 9. HP: 38/45 MP: 1/16
  8906 | D:5      | Reached skill level 1 in Evocations
  8908 | D:5      | Found a burning altar of Makhleb.
  8908 | D:5      | Noticed a balrug
  8911 | D:5      | Noticed a hellwing
  8911 | D:5      | Noticed a smoke demon
  8987 | D:5      | Found a shadowy altar of Dithmenos.
  8987 | D:5      | Found a white marble altar of Elyvilon.
  9457 | D:6      | Reached skill level 5 in Dodging
  9811 | D:6      | Reached skill level 1 in Fighting
  9811 | D:6      | Reached skill level 1 in Maces & Flails
 10701 | D:7      | Learned a level 5 spell: Fireball
 10764 | D:7      | Noticed Menkaure
 11062 | D:7      | Reached XP level 10. HP: 56/56 MP: 11/17
 11101 | D:7      | Killed Menkaure
 11733 | D:7      | Reached skill level 1 in Shields
 11852 | D:7      | Found an opulent altar of Gozag.
 11855 | D:7      | Became a worshipper of Gozag Ym Sagoz the Greedy
 11964 | D:8      | Found a glowing silver altar of Zin.
 12052 | D:8      | Found a staircase to the Lair.
 12095 | D:8      | Reached skill level 5 in Fighting
 12095 | D:8      | Reached skill level 5 in Evocations
 12292 | D:8      | Reached skill level 5 in Maces & Flails
 12955 | D:8      | Reached skill level 5 in Shields
 13082 | D:8      | Found a sparkling altar of Nemelex Xobeh.
 13197 | D:8      | Found a sparkling altar of Nemelex Xobeh.
 13297 | D:9      | Noticed Maurice
 13781 | D:9      | Noticed a catoblepas
 13901 | D:9      | Reached skill level 6 in Shields
 13998 | D:9      | Noticed a hill giant
 14014 | D:9      | Slain by a hill giant

Action                   |  1- 3 |  4- 6 |  7- 9 | 10-12 || total
-------------------------+-------+-------+-------+-------++-------
Melee: Unarmed           |     1 |       |       |       ||     1
       Club              |     4 |       |       |       ||     4
       Whip              |     1 |    45 |    46 |       ||    92
       Mace              |       |       |   178 |   222 ||   400
 Cast: Flame Tongue      |    71 |   135 |   288 |   219 ||   713
       Conjure Flame     |       |     3 |     7 |     1 ||    11
Invok: Potion Petition   |       |       |       |     1 ||     1
Evoke: Wand              |       |       |    10 |       ||    10
  Use: Potion            |     2 |     3 |     4 |     1 ||    10
       Scroll            |       |     4 |     7 |     3 ||    14
 Stab: Sleeping          |       |     1 |     7 |     2 ||    10
       Distracted        |       |       |       |     1 ||     1
  Eat: Chunk             |     3 |    10 |    11 |     7 ||    31
       Bread ration      |       |     1 |     1 |       ||     2
       Fruit             |       |       |     1 |     7 ||     8
